AoeStats
← Inferno-_-

Nomad

509281208Analyzed
4v4 RM · 6d ago on Sep 26, 2026· 73m 16s· 8 players
Game mode
Random Map
Map size
231×231
Population
200
Speed
Normal
Resources
Standard
Victory
Conquest
Starting age
Dark Age
Ending age
Imperial Age
RankedLock teamsTeams togetherTeam positionsShared explorationLock speedFull tech treeHidden civsTurbo modeCheats
Victory
Defeat
🇵🇪 Spanish · Peru
1007
+17
🇦🇷 Britons · Argentina
1004
+17
🇨🇳 Vietnamese · China
991
+18
🇵🇱 Varangians · Poland
987
+18
🇨🇦 Varangians · Canada
1146
-22
🇨🇦 Franks · Canada
1082
-20
🇨🇦 Danes · Canada
994
-16
🇨🇦 Spanish · Canada
892
-12
Inferno-_-
10:12 Loom
16:39 Feudal Age
21:32 Castle Age
21:19 Fletching
22:06 Wheelbarrow
22:18 Double-Bit Axe
22:19 Crossbowman
23:02 Bodkin Arrow
27:36 Ballistics
39:47 Yeomen
41:54 Stone Mining
41:55 Gold Mining
42:46 Bow Saw
42:23 Horse Collar
45:31 Imperial Age
43:33 Padded Archer Armor
43:45 Forging
43:35 Scale Mail Armor
43:56 Pikeman
44:37 Squires
45:57 Halberdier
46:41 Arbalester
47:23 Bracer
48:39 Chemistry
48:36 Conscription
49:22 Arson
49:55 Leather Archer Armor
50:16 Iron Casting
49:56 Chain Mail Armor
52:25 Elite Longbowman
53:37 Ring Archer Armor
54:08 Blast Furnace
53:38 Plate Mail Armor
53:54 Elite Skirmisher
56:24 Hoardings
57:06 Heavy Scorpion
65:16 Hand Cart
66:02 Scale Barding Armor
65:22 Light Cavalry
66:03 Husbandry
68:03 Two-Man Saw
67:05 Heavy Plow
67:41 Gold Shaft Mining
72:56 Warwolf
73:16 Spies/Treason
Void
13:29 Loom
15:52 Feudal Age
16:17 Man-at-Arms
17:34 Man-at-Arms
27:47 Castle Age
25:43 Stone Mining
25:58 Double-Bit Axe
26:56 Horse Collar
31:58 Bow Saw
33:11 Gold Mining
36:18 Pikeman
37:44 Wheelbarrow
37:10 Town Watch
38:10 Town Watch
39:19 Scale Mail Armor
40:00 Heavy Plow
41:25 Chain Mail Armor
45:30 Hand Cart
49:48 Imperial Age
47:32 Forging
53:49 Stone Shaft Mining
56:55 Masonry
57:49 Two-Man Saw
58:48 Halberdier
60:53 Crop Rotation
59:48 Elite Varangian Guard
60:55 Gothikon
61:47 Squires
61:33 Arson
62:50 Conscription
63:11 Iron Casting
63:14 Architecture
63:22 Gambesons
64:14 Plate Mail Armor
65:19 Blast Furnace
65:11 Town Patrol
65:07 Fletching
65:18 Padded Archer Armor
65:23 Scale Barding Armor
65:04 Treadmill Crane
65:47 Ballistics
66:27 Chemistry
70:27 Spies/Treason
73:04 Elite Jarl
73:08 Vendel Legacy
73:46 Bodkin Arrow
Metalface
6:06 Loom
13:41 Feudal Age
19:46 Castle Age
18:42 Horse Collar
19:53 Double-Bit Axe
21:12 Bow Saw
21:50 Heavy Plow
21:44 Fletching
21:56 Padded Archer Armor
26:31 Bodkin Arrow
29:59 Leather Archer Armor
36:11 Wheelbarrow
37:03 Gold Mining
39:58 Imperial Age
38:49 Hand Cart
42:30 Conscription
42:00 Elite Conquistador
42:53 Bloodlines
42:43 Husbandry
42:45 Bracer
43:16 Ring Archer Armor
42:54 Thumb Ring
44:14 Chemistry
45:26 Two-Man Saw
43:55 Heavy Mounted Crossbowman
45:15 Ballistics
46:48 Town Watch
48:19 Forging
48:15 Scale Barding Armor
50:51 Scale Mail Armor
51:27 Iron Casting
50:24 Man-at-Arms
51:05 Long Swordsman
52:07 Chain Mail Armor
51:53 Two-Handed Swordsman
52:34 Squires
52:20 Gambesons
52:20 Arson
54:19 Blast Furnace
53:32 Champion
54:50 Plate Mail Armor
56:04 Masonry
55:51 Murder Holes
56:21 Chain Barding Armor
57:21 Architecture
65:23 Plate Barding Armor
65:23 Stone Mining
hhqq
6:14 Loom
14:53 Feudal Age
17:00 Stone Mining
17:45 Double-Bit Axe
17:44 Horse Collar
21:22 Castle Age
20:36 Fishing Lines
21:29 Forging
21:24 Scale Mail Armor
22:48 Squires
23:42 Bow Saw
23:30 Town Watch
24:27 Fletching
25:11 Heavy Plow
25:06 Gold Mining
25:34 Bodkin Arrow
26:13 Thumb Ring
27:21 Gillnets
29:14 Padded Archer Armor
29:58 Forging
32:25 Wheelbarrow
36:00 Imperial Age
34:22 Stone Shaft Mining
34:44 Hand Cart
37:08 Ballistics
37:05 Pikeman
37:31 Arson
37:11 Heavy Cavalry Archer
38:29 Paper Money
38:16 Scale Mail Armor
40:11 Halberdier
43:18 Bracer
44:43 Husbandry
44:04 Cavalier
44:55 Bloodlines
46:00 Two-Man Saw
45:03 Town Patrol
45:20 Leather Archer Armor
45:12 Scale Barding Armor
47:34 Iron Casting
47:14 Chain Mail Armor
47:29 Ring Archer Armor
49:15 Chemistry
49:39 Ring Archer Armor
53:57 Plate Mail Armor
53:48 Chain Barding Armor
55:17 Elite Battle Elephant
58:26 Plate Barding Armor
70:59 Fortified Wall
70:44 Murder Holes
70:30 Treadmill Crane
71:43 Atonement
72:04 Sanctity
71:57 Masonry
72:50 Crossbowman
72:50 Elite Skirmisher
JJLoewen9289
16:05 Loom
16:23 Loom
20:15 Feudal Age
27:06 Castle Age
32:01 Forging
31:57 Scale Barding Armor
33:05 Husbandry
33:16 Bloodlines
34:25 Double-Bit Axe
34:33 Horse Collar
34:52 Light Cavalry
35:57 Squires
35:51 Arson
37:04 Coinage
36:42 Heavy Plow
37:09 Bow Saw
38:33 Pikeman
42:59 Chain Barding Armor
43:42 Scale Mail Armor
44:18 Iron Casting
45:31 Chain Mail Armor
46:52 Wheelbarrow
46:05 Town Watch
49:40 Imperial Age
49:18 Town Patrol
49:35 Hand Cart
49:27 Gold Mining
51:32 Blast Furnace
51:04 Plate Mail Armor
50:35 Padded Archer Armor
50:26 Fletching
50:06 Elite Skirmisher
50:56 Halberdier
57:59 Leather Archer Armor
57:40 Bodkin Arrow
59:13 Capped Ram
61:59 Ring Archer Armor
61:30 Bracer
BossJets
9:58 Loom
13:05 Feudal Age
17:02 Forging
23:11 Double-Bit Axe
26:16 Castle Age
26:15 Scale Barding Armor
27:25 Gold Mining
30:25 Chain Barding Armor
30:41 Iron Casting
33:52 Husbandry
33:46 Fletching
35:28 Wheelbarrow
36:26 Hand Cart
36:54 Stone Mining
39:57 Bodkin Arrow
40:21 Bow Saw
43:33 Imperial Age
41:03 Town Watch
41:34 Murder Holes
42:00 Ballistics
43:25 Padded Archer Armor
43:45 Town Patrol
44:00 Cavalier
45:19 Plate Barding Armor
45:46 Blast Furnace
44:41 Elite Skirmisher
48:59 Leather Archer Armor
50:33 Chemistry
56:38 Light Cavalry
57:43 Conscription
Objayz23
8:57 Loom
9:09 Loom
13:46 Feudal Age
13:56 Man-at-Arms
16:01 Wheelbarrow
19:39 Forging
19:24 Fletching
24:24 Castle Age
26:08 Hand Cart
25:39 Town Watch
29:26 Bodkin Arrow
30:59 Thumb Ring
32:01 Padded Archer Armor
33:35 Leather Archer Armor
40:30 Imperial Age
38:33 Horse Collar
39:17 Ballistics
40:02 Husbandry
40:14 Bloodlines
42:13 Chemistry
41:34 Bracer
42:16 Cranequins
44:03 Ring Archer Armor
44:47 Heavy Mounted Crossbowman
46:40 Conscription
46:49 Elite Skirmisher
48:49 Double-Bit Axe
52:06 Gold Mining
52:29 Bow Saw
60:46 Iron Casting
61:32 Gold Shaft Mining
64:01 Hamask
64:06 Elite Jomsviking
ZEKAR8291
4:35 Loom
15:42 Feudal Age
16:05 Fishing Lines
16:25 Double-Bit Axe
20:27 Castle Age
18:44 Bloodlines
19:00 Scale Barding Armor
19:05 Forging
19:26 Forging
19:39 Gold Mining
21:13 Husbandry
23:18 Clinker Construction
24:37 Gillnets
26:41 Wheelbarrow
25:52 Town Watch
27:42 Medium Warships
28:08 Hand Cart
28:52 Bow Saw
29:55 Chain Barding Armor
31:55 Iron Casting
37:16 Imperial Age
37:26 Imperial Age
34:58 Vendel Legacy
37:41 Cavalier
38:59 Plate Barding Armor
39:24 Blast Furnace
40:12 Blast Furnace
41:24 Two-Man Saw
42:28 Conscription
45:00 Fletching
47:17 Herbal Medicine
54:55 Town Patrol
59:32 Light Cavalry
Connection lost

Rejoining the realm…

Still unreachable

The connection could not be restored.

Session expired

The server has moved on; the page needs a fresh start.